 Dungeon Crawl Stone Soup version 0.25.1-11-g244df3a29b (webtiles) character file.

Game seed: 6064579434752393060

110872 DeepDeath the Unseen (level 16, -3/124 HPs)
             Began as a Spriggan Berserker on Feb 6, 2024.
             Was the Champion of Trog.
             Slain by a merfolk impaler
             ... wielding a +0 trident of flaming
              (12 damage)
             ... on level 2 of the Shoals on Feb 7, 2024.
             The game lasted 02:08:43 (30247 turns).

DeepDeath the Unseen (Spriggan Berserker)          Turns: 30247, Time: 02:08:44

Health: -3/124     AC: 28    Str: 23    XL:     16   Next: 8%
Magic:  22/22      EV:  4    Int:  9    God:    Trog [******]
Gold:   2079       SH:  8    Dex: 18    Spells: 15/15 levels left

rFire    . . .     SeeInvis +   v - +6 rapier (vamp)
rCold    . . .     Gourm    .   V - +0 buckler
rNeg     + + +     Faith    .   (armour currently unavailable)
rPois    +         Spirit   .   (helmet currently unavailable)
rElec    .         Reflect  .   (cloak currently unavailable)
rCorr    .         Harm     .   (gloves unavailable)
MR       +++++     NoTele   +   (boots unavailable)
Stlth    +++++++...             g - amulet of the acrobat
HPRegen  1.30/turn              n - ring of protection from magic
MPRegen  0.18/turn              a - +6 ring of strength

@: mighty, tree-form (expiring), regenerating
A: very small, unfitting armour, see invisible, herbivore, slow metabolism 2
a: Berserk, Trog's Hand, Brothers in Arms, Renounce Religion


You were on level 2 of the Shoals.
You worshipped Trog.
Trog was exalted by your worship.
You were not hungry.
You were a tree.
You visited 4 branches of the dungeon, and saw 24 of its levels.
You also visited: Bailey.

You collected 4746 gold pieces.
You spent 2667 gold pieces at shops.

Inventory:

Hand Weapons
 e - the +6 dagger of Crusades {freeze, MP+9 Dex+4}
   (You bought it in a shop on level 13 of the Dungeon)

   It has been specially enchanted to freeze those struck by it, causing extra
   injury to most foes and up to half again as much damage against particularly
   susceptible opponents.
   It can also slow down cold-blooded creatures.
   It affects your dexterity (+4).
   It affects your magic capacity (+9).
 q - the +5 hand crossbow of Paper {elec, rElec rF+++ MR+ Dex+4}
   (You found it on level 7 of the Dungeon)

   It charges the ammunition it shoots with electricity; occasionally upon a
   hit, such missiles may discharge and cause terrible harm.
   It affects your dexterity (+4).
   It renders you almost immune to fire.
   It insulates you from electricity.
   It affects your resistance to hostile enchantments.
 r - the +7 dagger "Tonam" {venom, rElec rC+ rN+ Stlth+}
   (You found it on level 5 of the Dungeon)

   It poisons the flesh of those it strikes.
   It protects you from cold.
   It insulates you from electricity.
   It protects you from negative energy.
   It makes you more stealthy.
 s - a +6 rapier of flaming
 v - a +6 vampiric rapier (weapon)
 w - a +6 vorpal rapier
 O - the +8 whip "Snakebite" {curare, rPois}
   (You found it on level 1 of the Lair of Beasts)

   It poisons the flesh of those it strikes.
   It protects you from poison.
Missiles
 x - 122 bolts
 A - 5 silver boomerangs
 B - 16 boomerangs
 D - 7 poisoned darts (quivered)
 N - 4 throwing nets
 R - 14 boomerangs of dispersal
 Z - 3 curare-tipped darts
Armour
 z - a +0 hat (melded)
 F - a +4 troll leather armour (melded)
 S - a scarf of resistance (melded)
 V - a +0 buckler (worn)
Jewellery
 a - a +6 ring of strength (right branch)
 g - an amulet of the acrobat (around neck)
 n - a ring of protection from magic (left branch)
 I - an uncursed ring of flight
 P - an uncursed ring of ice
Wands
 j - a wand of flame (12)
 m - a wand of digging (4)
 u - a wand of iceblast (32)
 y - a wand of polymorph (4)
 G - a wand of paralysis (17)
Scrolls
 h - 3 scrolls of blinking
 i - 4 scrolls of teleportation
 o - 2 scrolls of magic mapping
 C - 5 scrolls of enchant armour
 E - 3 scrolls of fog
 L - 5 scrolls of identify
 M - 13 scrolls of remove curse
Potions
 c - 3 potions of curing
 d - 9 potions of stabbing
 k - 4 potions of flight
 l - a potion of magic
 p - 2 potions of lignification
 J - 3 potions of haste
 T - 2 potions of resistance
Miscellaneous
 K - a phial of floods
Comestibles
 f - 29 rations


   Skills:
 + Level 8.8 Fighting
 - Level 14.0(14.8) Short Blades
   Level 6.9(10.0) Long Blades
 - Level 10.0 Crossbows
 - Level 4.0 Throwing
 - Level 6.0 Armour
 + Level 15.9 Dodging
 - Level 17.0 Stealth
 * Level 7.0 Shields
 - Level 7.0 Evocations


You had 15 spell levels left.
You didn't know any spells.
Your spell library was empty.

Dungeon Overview and Level Annotations

Branches:
Dungeon (14/15)            Temple (0/1) D:7            Lair (6/6) D:9
 Shoals (2/4) Lair:3        Snake (0/4) Lair:3        Slime (0/5) Lair:5
    Orc (2/2) D:10            Elf (0/3) Orc:2        Bailey (visited)
 Vaults: D:13-14

Altars:
Dithmenos
Elyvilon
Fedhas
Kikubaaqudgha
Makhleb
Nemelex Xobeh
Ru
Sif Muna
Trog
Vehumet
Xom
Yredelemnul
Zin
The Shining One
Beogh

Shops:
D:5 }   D:13 ((   Orc:2 *(}*

Annotations:
D:14 exclusion: 3 doors
Lair:3 2 transporters, Deed's ghost, journeyman MiFi
Orc:2 Saint Roka


Innate Abilities, Weirdness & Mutations

You are very small and have problems with some larger weapons.
You are too small for most types of armour.
You have supernaturally acute eyesight. (SInv)
You are a herbivore.
((You cover ground extremely quickly.))
You need to consume almost no food.


Message History

Unknown command.
Unknown command.
Unknown command.
Unknown command.
You feel better. The harpy claws you.
* * * LOW HITPOINT WARNING * * *
The harpy claws you but does no damage.
The merfolk hits you but does no damage.
The merfolk impaler hits you from afar with a +0 trident of flaming.
* * * LOW HITPOINT WARNING * * *
The merfolk impaler burns you.
* * * LOW HITPOINT WARNING * * *
The snapping turtle is engulfed in poison gas.
The snapping turtle looks as sick as possible!
The snapping turtle bites you from afar!
* * * LOW HITPOINT WARNING * * *
The merfolk is engulfed in poison gas.
The merfolk looks as sick as possible!
The merfolk hits you but does no damage.
The merfolk impaler hits you from afar with a +0 trident of flaming!
You die...

..≈≈≈≈≈≈≈≈.....
≈...≈≈≈≈≈≈........≈
≈≈.≈
§....?≈≈≈≈≈.......≈
≈≈}≈
§...≈≈≈...........
≈≈≈≈≈
######≈.........m
≈≈≈≈≈ . ##...≈≈....#
.≈≈≈≈≈ ..
##....≈≈...# #.≈≈≈≈≈
.
#...>≈≈≈≈mm###.m.≈≈≈≈
#..m.≈...#mmH♣§mE§§≈≈
#.......#.EH###t§§§≈≈
§.>.......m.# §§§≈≈
.§..H###...%.(. §§≈≈
..H.. #......... ≈≈≈
≈... ........... ≈.
≈≈. ............ .
≈≈≈ ..##..##...≈ .#
.... .≈≈≈


You could see a merfolk impaler, a snapping turtle (extremely poisoned), 5
merfolk, 2 water elementals, a merfolk siren and 2 harpies.

Vanquished Creatures
  An orc warlord (Orc:2)
  A stone giant (Orc:1)
  Snorg (Lair:5)
  An ettin (Orc:1)
  Josephine (Orc:1)
  Erolcha (D:11)
  Harold (D:10)
  Erica (D:10)
  6 hydras
  A merfolk avatar (Shoals:2)
  4 catoblepae
  17 two-headed ogres
  6 death yaks (Lair:6)
  3 centaur warriors
  4 ogre magi
  An orc high priest (Orc:1)
  Sonja (Lair:2)
  3 sea snakes
  2 unseen horrors
  2 orc knights
  5 harpies
  A deep elf mage (D:14)
  3 orc sorcerers
  2 cyclopes
  3 ugly things
  2 merfolk sirens (Lair:3)
  4 centaur zombies
  9 elephants
  7 manticores
  The ghost of Gadfly the Ruffian, a novice DrTm (D:5)
  8 black mambas
  2 torpor snails
  15 spiny frogs
  2 rime drakes
  9 komodo dragons
  A yaktaur (Shoals:1)
  6 trolls
  10 merfolk
  A harpy zombie (D:14)
  A polar bear (Lair:6)
  A queen bee (D:11)
  3 hornets (Lair:5)
  19 dream sheep
  17 blink frogs
  A snapping turtle (Shoals:1)
  17 hippogriffs
  12 spriggans (Lair:5)
  3 water elementals (Shoals:1)
  36 yaks
  12 wyverns
  A shadow (D:14)
  6 wraiths
  7 basilisks
  A steam dragon (D:10)
  Grum (D:10)
  5 vampire mosquitoes (Lair:1)
  A hungry ghost (D:11)
  11 wargs
  2 insubstantial wisps (Lair:1)
  A soldier ant (D:14)
  22 water moccasins
  13 porcupines
  A hornet zombie (D:9)
  2 sky beasts
  3 ice beasts
  4 phantoms
  3 black bears
  2 eyes of draining
  29 orc warriors
  19 centaurs
  37 ogres
  47 wolves
  3 boggarts (Lair:5)
  13 crocodiles
  A big kobold (D:6)
  20 bullfrogs
  4 scorpions
  18 killer bees
  4 wights
  2 howler monkeys (D:12)
  A bullfrog zombie (D:6)
  5 crimson imps
  A quasit (D:14)
  2 hounds
  5 jellies
  2 centaur skeletons (D:5)
  A gnoll shaman (D:5)
  9 orc priests
  3 bullfrog skeletons
  2 iguanas
  14 orc wizards
  4 worker ants
  Terence (D:2)
  A hound zombie (D:6)
  3 hound skeletons
  5 gnolls (D:5)
  A howler monkey skeleton (D:10)
  20 adders
  2 shadow imps
  3 oozes
  2 adder zombies
  2 adder skeletons
  3 worms
  11 dart slugs
  4 leopard geckos
  71 orcs
  8 bats
  6 giant cockroaches
  14 goblins
  6 hobgoblins
  5 quokkas
  3 ball pythons
  10 frilled lizards
  A jackal zombie (D:6)
  8 kobolds
  A quokka zombie (D:9)
  12 rats
  A bush (Shoals:1)
  3 plants
810 creatures vanquished.

Vanquished Creatures (others)
  A bush (Lair:5)
  16 fungi
  9 plants
26 creatures vanquished.

Grand Total: 836 creatures vanquished

Notes
Turn   | Place    | Note
-------+----------+-------------------------------------------
     0 | D:1      | DeepDeath the Spriggan Berserker began the quest for the
                  | Orb.
     0 | D:1      | Reached XP level 1. HP: 11/11 MP: 2/2
   336 | D:1      | Reached skill level 1 in Stealth
   412 | D:1      | Reached XP level 2. HP: 13/16 MP: 3/3
   999 | D:2      | Reached ** piety under Trog
  1012 | D:2      | Noticed Terence
  1105 | D:2      | Reached skill level 2 in Stealth
  1133 | D:2      | Found a glowing silver altar of Zin.
  1499 | D:2      | Reached XP level 3. HP: 9/19 MP: 4/4
  2206 | D:2      | Reached skill level 5 in Dodging
  2248 | D:2      | Found a sparkling altar of Nemelex Xobeh.
  2564 | D:2      | Killed Terence
  2564 | D:2      | Reached XP level 4. HP: 20/23 MP: 5/5
  2655 | D:3      | Reached skill level 3 in Stealth
  2768 | D:3      | Found a shimmering altar of Xom.
  2845 | D:3      | Found a shadowy altar of Dithmenos.
  3110 | D:3      | Reached *** piety under Trog
  3218 | D:3      | Reached skill level 5 in Short Blades
  3218 | D:3      | Reached XP level 5. HP: 27/27 MP: 6/6
  3703 | D:4      | Reached skill level 4 in Stealth
  3877 | D:4      | Reached XP level 6. HP: 32/32 MP: 7/7
  4192 | D:5      | Entered Level 5 of the Dungeon
  4457 | D:5      | Reached skill level 5 in Stealth
  4487 | D:5      | Found a white marble altar of Elyvilon.
  4708 | D:5      | Reached XP level 7. HP: 35/35 MP: 8/8
  4800 | D:5      | Found Nowappuwk's Gadget Shop.
  4860 | D:5      | Found a runed translucent door.
  4914 | D:5      | Reached skill level 6 in Stealth
  5001 | D:5      | Got a jewelled dagger
  5002 | D:5      | Identified the +7 dagger "Tonam" {venom, rElec rC+ rN+
                  | Stlth+} (You found it on level 5 of the Dungeon)
  5207 | D:5      | Noticed Gadfly's ghost (novice DrTm)
  5238 | D:5      | Bought a wand of iceblast (9) for 169 gold pieces
  5418 | D:6      | Reached **** piety under Trog
  5440 | D:6      | Reached skill level 7 in Stealth
  5440 | D:6      | Reached XP level 8. HP: 39/39 MP: 9/9
  5598 | D:6      | Found a glowing golden altar of the Shining One.
  6085 | D:7      | Reached skill level 8 in Stealth
  6312 | D:7      | Found a sacrificial altar of Ru.
  6331 | D:7      | Found a staircase to the Ecumenical Temple.
  6350 | D:7      | Found a blossoming altar of Fedhas.
  6350 | D:7      | Found an ancient bone altar of Kikubaaqudgha.
  6423 | D:7      | Noticed an unseen horror
  6435 | D:7      | Killed an unseen horror
  6435 | D:7      | Reached skill level 10 in Short Blades
  6435 | D:7      | Reached skill level 9 in Stealth
  6435 | D:7      | Reached XP level 9. HP: 35/43 MP: 10/10
  7017 | D:7      | Noticed a troll
  7427 | D:7      | Killed a troll
  7427 | D:7      | Reached skill level 10 in Dodging
  7836 | D:7      | Got a bone hand crossbow
  7893 | D:7      | Identified the +5 hand crossbow of Paper {elec, rElec rF+++
                  | MR+ Dex+4} (You found it on level 7 of the Dungeon)
  7913 | D:8      | Found a basalt altar of Yredelemnul.
  8015 | D:8      | Reached skill level 1 in Crossbows
  8015 | D:8      | Reached skill level 1 in Armour
  8042 | D:8      | Found a flagged portal.
  8087 | D:8      | Reached skill level 10 in Stealth
  8165 | Bailey   | Entered a bailey
  8765 | Bailey   | Reached ***** piety under Trog
  8808 | Bailey   | Reached skill level 1 in Throwing
  9581 | Bailey   | Reached XP level 10. HP: 39/47 MP: 11/11
 10485 | D:8      | Found a radiant altar of Vehumet.
 10485 | D:8      | Found a burning altar of Makhleb.
 10605 | D:8      | Noticed a two-headed ogre
 10612 | D:8      | Killed a two-headed ogre
 10705 | D:9      | Noticed a two-headed ogre
 10712 | D:9      | Found a staircase to the Lair.
 10772 | D:9      | Killed a two-headed ogre
 10772 | D:9      | Reached skill level 11 in Stealth
 10865 | D:9      | Found a shimmering blue altar of Sif Muna.
 11011 | D:9      | Received a gift from Trog
 11613 | Lair:1   | Entered Level 1 of the Lair of Beasts
 11619 | Lair:1   | Reached XP level 11. HP: 51/51 MP: 12/12
 11790 | Lair:1   | Noticed a six-headed hydra
 11815 | Lair:1   | Killed a six-headed hydra
 12098 | Lair:1   | Reached skill level 5 in Armour
 12204 | Lair:1   | Reached skill level 12 in Stealth
 12558 | Lair:1   | Reached skill level 5 in Crossbows
 12614 | Lair:1   | Found the +8 whip "Snakebite" {curare, rPois}
 13748 | Lair:2   | Noticed Sonja
 13887 | Lair:2   | Noticed an eight-headed hydra
 13902 | Lair:2   | Killed an eight-headed hydra
 13902 | Lair:2   | Reached skill level 13 in Stealth
 13902 | Lair:2   | Reached XP level 12. HP: 56/56 MP: 13/13
 14652 | Lair:3   | Found a staircase to the Snake Pit.
 14861 | Lair:3   | Found a transporter.
 14874 | Lair:3   | Noticed a six-headed hydra
 14879 | Lair:3   | Identified the +3 trident "Cien" {venom, rElec}
 14889 | Lair:3   | Found a bloodstained altar of Trog.
 14889 | Lair:3   | Noticed Deed's ghost (journeyman MiFi)
 14891 | Lair:3   | Identified the +5 trident of the Throat {antimagic, rC+
                  | Stlth+}
 14901 | Lair:3   | Found a transporter.
 15067 | Lair:3   | HP: 2/56 [poisoned by a black mamba]
 15072 | Lair:3   | HP: 2/56 [poisoned by a black mamba]
 15245 | Lair:3   | Found a staircase to the Shoals.
 15352 | Lair:3   | Reached skill level 14 in Stealth
 15616 | Lair:3   | Noticed a catoblepas
 15623 | Lair:3   | Killed a catoblepas
 15806 | Lair:3   | Reached skill level 1 in Evocations
 15836 | Lair:3   | Killed a six-headed hydra
 16295 | Lair:4   | Noticed a six-headed hydra
 16304 | Lair:4   | Killed a six-headed hydra
 16521 | Lair:4   | Reached XP level 13. HP: 61/61 MP: 15/15
 17007 | Lair:5   | Found a staircase to the Slime Pits.
 17090 | Lair:5   | Reached skill level 5 in Fighting
 17303 | Lair:5   | Reached skill level 10 in Crossbows
 17359 | Lair:5   | Reached ****** piety under Trog
 17521 | Lair:5   | Received a gift from Trog
 17903 | Lair:5   | Reached skill level 1 in Shields
 17947 | Lair:5   | Noticed Snorg
 18038 | Lair:5   | Killed Snorg
 18888 | Lair:2   | Killed Sonja
 19100 | D:5      | Killed Gadfly's ghost
 19121 | D:5      | Identified a scroll of acquirement
 19122 | D:5      | Acquired 2420 gold pieces
 19135 | D:5      | Bought a phantom mirror for 390 gold pieces
 19226 | D:10     | Entered Level 10 of the Dungeon
 19243 | D:10     | Noticed Grum
 19245 | D:10     | Killed Grum
 19636 | D:10     | Noticed Harold
 19664 | D:10     | Killed Harold
 19813 | D:10     | Found a staircase to the Orcish Mines.
 20086 | D:11     | Reached skill level 5 in Evocations
 20152 | D:11     | You fall into a shaft and drop 3 floors!
 20163 | D:14     | Reached skill level 1 in Long Blades
 20362 | D:14     | Reached XP level 14. HP: 70/70 MP: 18/18
 20467 | D:14     | Reached skill level 15 in Stealth
 20800 | D:14     | Reached skill level 15 in Dodging
 21161 | D:14     | Received a gift from Trog
 21483 | D:13     | Found Gutan's Weapon Boutique.
 21681 | D:13     | Found Opterin's Antique Weapon Shop.
 21926 | D:13     | Found Wellylyo's Distillery.
 23113 | D:11     | Noticed Erolcha
 23125 | D:11     | Killed Erolcha
 23125 | D:11     | Reached skill level 16 in Stealth
 23392 | D:11     | Received a gift from Trog
 23726 | D:13     | Bought the +6 dagger of Crusades {freeze, MP+9 Dex+4} for
                  | 882 gold pieces
 23905 | Orc:1    | Entered Level 1 of the Orcish Mines
 23905 | Orc:1    | Noticed Erica
 23927 | D:10     | Killed Erica
 24036 | Orc:1    | Noticed a stone giant
 24259 | Orc:1    | Found a roughly hewn altar of Beogh.
 24405 | Orc:1    | Killed a stone giant
 24680 | Orc:2    | Entered Level 2 of the Orcish Mines
 24680 | Orc:2    | Noticed Josephine
 24697 | Orc:1    | Killed Josephine
 24762 | Orc:2    | Noticed Saint Roka
 24987 | Orc:2    | Reached skill level 5 in Shields
 25271 | Orc:1    | Reached skill level 5 in Long Blades
 25333 | Orc:1    | Received a gift from Trog
 25333 | Orc:1    | Reached XP level 15. HP: 77/77 MP: 19/19
 25511 | Orc:2    | Noticed an orc warlord
 25813 | Orc:2    | Found Fimmuo's General Store.
 25814 | Orc:2    | Found Urotzu's Antique Weapon Shoppe.
 25824 | Orc:2    | Found Lulog Dumitt's Gadget Shoppe.
 25824 | Orc:2    | Found Sysibrit's General Store.
 25910 | Orc:2    | Bought a wand of clouds (4) for 384 gold pieces
 25910 | Orc:2    | Bought a wand of digging (3) for 224 gold pieces
 25911 | Orc:2    | Bought a ration for 60 gold pieces
 25915 | Orc:2    | Bought a runed long sword for 201 gold pieces
 25915 | Orc:2    | Bought a glowing scimitar for 217 gold pieces
 26176 | Orc:2    | Bought a potion of haste for 140 gold pieces
 26396 | Orc:2    | HP: 3/77 [Saint Roka/divine providence (16)]
 26727 | Orc:2    | Killed an orc warlord
 26912 | Orc:2    | Found a staircase to the Elven Halls.
 27295 | Lair:6   | Entered Level 6 of the Lair of Beasts
 27413 | Lair:6   | Received a gift from Trog
 28732 | Lair:6   | Received a gift from Trog
 29270 | Shoals:1 | Entered Level 1 of the Shoals
 29983 | Shoals:1 | Reached XP level 16. HP: 82/82 MP: 22/22
 30160 | Shoals:2 | Reached skill level 17 in Stealth
 30245 | Shoals:2 | HP: 6/124 [merfolk impaler/+0 trident of flaming (3)]
 30247 | Shoals:2 | Slain by a merfolk impaler

Illustrated notes

Levels and vault maps discovered:
D:1:      minmay_arrival_solitary_statue, layout_basic
D:2:      layout_basic, zin_academy, lemuel_coloured_pillars_altar, uniq_terence
D:3:      layout_basic, nicolae_dithmenos_through_a_glass_darkly,
          xom_butterflies, minmay_fractal_squares_diagonal_5
D:4:      layout_basic, first_ration, kennysheep_flooded_box
D:5:      kennysheep_slugbush, layout_loops_ring, lemuel_round_altar,
          serial_shops, nicolae_shop_temple_entry_statues_fountains,
          ebering_ghost_sewer_d
D:6:      layout_basic, tso_metal_star, minmay_unpleasant_kobolds
D:7:      layout_layer_cave, nicolae_ru_sacrificial_ziggurat,
          grunt_temple_overflow_growth_and_decay, minmay_temple_entry_trees
D:8:      layout_rooms, grunt_temple_overflow_lords_of_destruction,
          kennysheep_little_box, enter_bailey_3
D:9:      layout_rooms, nicolae_overflow_crystal_walls,
          due_lair_maze_entry_diamond, chequers_mini_garden
D:10:     layout_rooms, orc_0_dummy, uniq_grum, uniq_harold
D:11:     layout_cave_pods, david_nohive_1, uniq_erolcha
D:12:     layout_roguey
D:13:     layout_gridville, serial_shops, shop, shop_statue, shop_fountains
D:14:     layout_loops_cross, grunt_vaults_entry_tiered, serial_park_square3
          [serial_park_minivault_5x5_7], special_room
          [special_room_mythical_zoo]
Lair:1:   minmay_guarded_unrand_snakebite, layout_small_grid, pond
Lair:2:   layout_chaotic_city, uniq_sonja
Lair:3:   layout_loops_ring, elwin_shoals_entry_stream,
          guppyfry_snake_entry_island, gammafunk_ghost_wrathful_warriors
Lair:4:   layout_long_grid, serial_bayou_shore_b, grunt_megastairs_1,
          infiniplex_staircase_pool_2, lemuel_fruit_fields
Lair:5:   kb_forest_paths, layout_long_grid, nicolae_slime_entry_slimehenge,
          grunt_forest_large_clearings, uniq_snorg
Lair:6:   evilmike_catoblepas_cave, layout_hall_layers, serial_bayou_shore_b,
          grunt_megastairs_2, serial_bayou_shore_b
Shoals:1: layout_shoals, yaktaur_hedge
Shoals:2: layout_shoals, serial_shops, shop_fountains
Orc:1:    layout_diamond_mine, mines1_david, uniq_erica
Orc:2:    st_orc_ogre_mass, layout_caves, mines5_lemuel, uniq_saint_roka,
          uniq_josephine

Skill      XL: |  1  2  3  4  5  6  7  8  9 10 11 12 13 14 15 16 |
---------------+-------------------------------------------------+-----
Stealth        | 1 2 3 4 5 7 9 10 11 13 14 16 17 | 17.0
Short Blades   | 4 5 6 8 10 12 13 14 | 14.0
Dodging        | 5 6 8 9 10 11 12 14 15 | 15.9
Crossbows      | 2 4 5 8 10 | 10.0
Armour         | 2 4 5 6 |  6.0
Throwing       | 1 2 4 |  4.0
Evocations     | 2 5 7 |  7.0
Fighting       | 4 6 8 |  8.8
Shields        | 2 5 6 7 |  7.0
Long Blades    | 1 5 6 |  6.9

Action                   |  1- 3 |  4- 6 |  7- 9 | 10-12 | 13-15 | 16-18 || total
-------------------------+-------+-------+-------+-------+-------+-------++-------
Melee: Short sword       |   113 |       |       |       |       |       ||   113
       Rapier            |    14 |   126 |    31 |   159 |  1006 |    34 ||  1370
       Dagger            |       |       |   272 |   216 |   578 |     5 ||  1071
       Falchion          |       |       |       |       |    36 |       ||    36
 Fire: Hand crossbow     |       |       |       |   310 |   745 |    25 ||  1080
Throw: Stone             |    11 |     8 |    45 |       |       |       ||    64
       Dart              |       |       |    32 |    40 |    17 |       ||    89
       Throwing net      |       |       |       |       |     1 |       ||     1
Invok: Trog's Hand       |       |       |     1 |     1 |    11 |     1 ||    14
Evoke: Wand              |       |       |     5 |       |    27 |     2 ||    34
       Phantom mirror    |       |       |       |       |     1 |       ||     1
  Use: Potion            |     1 |       |     7 |       |     6 |     8 ||    22
       Scroll            |       |    16 |     7 |     9 |    10 |       ||    42
 Stab: Sleeping          |    12 |    12 |    17 |    10 |     8 |       ||    59
       Distracted        |       |     2 |       |       |       |       ||     2
       Held in net/web   |       |       |       |       |     2 |       ||     2
       Paralysed         |       |       |       |       |     1 |       ||     1
  Eat: Ration            |       |     1 |     2 |     4 |     9 |     1 ||    17
Armor: Animal skin       |     3 |     3 |     3 |       |       |       ||     9
       Skin              |       |       |    13 |       |       |    30 ||    43
       Troll leather arm |       |       |       |    22 |    67 |     4 ||    93
Dodge: Dodged            |    84 |    80 |   225 |   300 |  1126 |    74 ||  1889
Block: Buckler           |       |       |       |       |   343 |    42 ||   385
       Rpst.: Falchion   |       |       |       |       |     9 |       ||     9
